 Dungeon Crawl Stone Soup version 0.21-a0-358-g8928369 (webtiles) character file.

16 Dfrag the Firebug (level 2, 0/19 HPs)
             Began as a Demonspawn Fire Elementalist on Oct 12, 2017.
             Succumbed to an adder's poison
             ... on level 2 of the Dungeon.
             The game lasted 00:00:58 (956 turns).

Dfrag the Firebug (Demonspawn Fire Elementalist)     Turns: 956, Time: 00:00:58

Health: 0/19       AC:  2    Str:  8    XL:     2   Next: 37%
Magic:  0/5        EV: 12    Int: 16    God:
Gold:   93         SH:  0    Dex: 15    Spells: 4/5 levels left

rFire    + . .     SeeInvis .   (no weapon)
rCold    + . .     Gourm    .   (no shield)
rNeg     . . .     Faith    .   a - +0 robe
rPois    +         Spirit   .   (helmet restricted)
rElec    +         Reflect  .   (no cloak)
rCorr    +         Harm     .   (no gloves)
MR       .....                  (no boots)
Stlth    ++........             (no amulet)
HPRegen  0.06/turn              (no ring)
MPRegen  0.09/turn              (no ring)

@: lethally poisoned (0 -> -7), resistant, flying, very slightly contaminated
A: horns 2, agile 1, evolution 1
a: no special abilities


You were on level 2 of the Dungeon.
You were not hungry.

You visited 1 branch of the dungeon, and saw 2 of its levels.

You collected 93 gold pieces.

Inventory:

Armour
 a - a +0 robe (worn)
Scrolls
 e - a scroll of teleportation {unknown}
 h - a scroll of magic mapping {unknown}
 i - 2 scrolls of amnesia {unknown}
 j - a scroll of recharging {unknown}
Potions
 f - a potion of flight
 l - a potion of agility {unknown}
Books
 b - a book of Flames

   Spells                             Type                      Level
   a - Flame Tongue                   Conjuration/Fire             1
   b - Throw Flame                    Conjuration/Fire             2
   c - Conjure Flame                  Conjuration/Fire             3
   d - Inner Flame                    Hexes/Fire                   3
   e - Sticky Flame                   Conjuration/Fire             4
   f - Fireball                       Conjuration/Fire             5
Comestibles
 c - 2 bread rations
 g - 2 royal jellies
 m - a chunk of flesh
 n - a meat ration


   Skills:
 - Level 1.7 Dodging
 - Level 1.7 Stealth
 + Level 2.3 Spellcasting
 + Level 1.6 Conjurations
 + Level 3.0 Fire Magic


You had 4 spell levels left.
You knew the following spells:

 Your Spells              Type           Power        Failure   Level  Hunger
a - Flame Tongue          Conj/Fire      #....        8%          1    #......


Dungeon Overview and Level Annotations

Branches:
Dungeon (2/15)

Altars:


Innate Abilities, Weirdness & Mutations

You have a pair of horns on your head.
You are agile. (Dex +2)
You evolve.


Message History

The adder is heavily wounded.
The adder barely misses you. The adder bites you.
* * * LOW HITPOINT WARNING * * *
You are lethally poisoned!
The adder poisons you!
It was a potion of flight.
You feel very buoyant.
You fly up into the air.
* * * LOW HITPOINT WARNING * * *
You feel sick. The adder closely misses you.
Unknown command.
It was a potion of resistance.
You feel protected. The adder bites you.
* * * LOW HITPOINT WARNING * * *
Unknown command.
It was a potion of mutation.
You feel extremely strange.
You feel nature experimenting on you.
Don't worry, failures die fast.
The horns on your head grow some more.
You feel agile.
You die...

#.#....S.......
#.....g.......#
###)#########.#
#.#.......# #
..#####.#.#####.#.#
..........# ##.#.##
..#####.######.....#
#...S.##.....#
#####@##....>#
#.##.....#
#####.....#.##
#......####.#
#...........#
######......######
............#
........#.###
........#.#


You could see an adder.

Vanquished Creatures
  A worm (D:2)
  A leopard gecko (D:2)
  A goblin (D:1)
  3 hobgoblins
  4 bats
  2 kobolds (D:1)
12 creatures vanquished.

Notes
Turn   | Place    | Note
-------+----------+-------------------------------------------
     0 | D:1      | Dfrag the Demonspawn Fire Elementalist began the quest for the Orb.
     0 | D:1      | Reached XP level 1. HP: 13/13 MP: 3/3
   826 | D:2      | Gained mutation: You have a pair of small horns on your head. [demonic ancestry]
   826 | D:2      | Reached XP level 2. HP: 2/19 MP: 0/5
   909 | D:2      | Reached skill level 3 in Fire Magic
   956 | D:2      | Gained mutation: You evolve. [potion of mutation]
   956 | D:2      | Gained mutation: You have a pair of horns on your head. [potion of mutation]
   956 | D:2      | Gained mutation: You are agile. (Dex +2) [potion of mutation]
   956 | D:2      | Succumbed to an adder's poison

Vault maps used:
D:1:      sevenhm_arrival_forest_fort_large_2
D:2:      lemuel_round_altar, first_bread

Skill      XL: |  1  2 |
---------------+-------+-----
Fire Magic     | 3 |  3.0
Dodging        | |  1.7
Stealth        | |  1.7
Spellcasting   | |  2.3
Conjurations   | |  1.6

Action                   || total
-------------------------++-------
Melee: Unarmed           ||    13
 Cast: Flame Tongue      ||    26
  Use: Potion            ||     3
Armor: Robe              ||     2
Dodge: Dodged            ||    15

Table legend:
 A = Spawn XP
 B = Non-spawn XP
 C = Spawn XP percentage of total XP
 D = Spawn monster count
 E = Non-spawn monster count
 F = Spawn count percentage of total count
 G = Total turns spent on level
                    A         B        C        D         E        F      G
               +---------+---------+-------+---------+---------+-------+---------
         Total |       0 |      23 |   0.0 |       0 |      12 |   0.0 |   956
               +---------+---------+-------+---------+---------+-------+---------
           D:1 |       0 |      11 |   0.0 |       0 |       8 |   0.0 |   812
           D:2 |       0 |      12 |   0.0 |       0 |       4 |   0.0 |   144
               +---------+---------+-------+---------+---------+-------+---------
